[Event "Early-Titled-Tuesday-Blitz-October-24-2023"]
[Site "Chess.com"]
[Date "2023.10.24"]
[Round "3"]
[White "SlippperyWhenWet"]
[Black "kingapolak"]
[Result "1-0"]
[WhiteElo "2350"]
[BlackElo "2127"]
[TimeControl "180+1"]
[EndTime "8:28:32 PDT"]
[Termination "SlippperyWhenWet won on time"]

1. Nf3 Nf6 2. g3 g6 3. Bg2 Bg7 4. c4 d6 5. O-O O-O 6. d3 e5 7. Nc3 c6 8. Bd2 Nbd7 9. Rc1 Re8 10. a3 a5 11. b4 axb4 12. axb4 Nf8 13. Ra1 Bf5 14. b5 e4 15. Rxa8 Qxa8 16. dxe4 Nxe4 17.
Nxe4 Bxe4 18. bxc6 bxc6 19. Bf4 d5 20. cxd5 cxd5 21. Qd2 Ne6 22. Bh6 Qa6 23. Bxg7 Kxg7 24. e3 Rc8 25. Nd4 Bxg2 26. Kxg2 Qc4 27. Rd1 Nxd4 28.
Qxd4+ Qxd4 29. Rxd4 Rc5 30. Kf3 Kf6 31. h4 h5 32. Ra4 Ke5 33. Ra7 Ke6 34. Ra6+ Ke5 35. Ra7 Ke6 36. Ra4 Ke5 37. Ra8 Ke6 38. Re8+ Kf6 39.
Ke2 Rc2+ 40. Kf3 Rc5 41. Rb8 Rc2 42. Rb5 Rd2 43. Rb4 Ke5 44. Rb7 Kf6 45. Rd7 Ke6 46.
Rd8 Kf6 47. Kg2 Ke6 48. Kf1 Ra2 49. Rb8 Ke5 50. Rb4 Ke6 51. Rf4 Rb2 52. Ke1 Ra2 53. Rd4 Rb2 54. Kf1 Ra2 55. Kg2 Rb2 56. Kf3 Ra2 57. g4 hxg4+ 58. Rxg4 Rb2 59. Ra4 Rc2 60. Kg3 Rd2 61. Ra6+ Ke5 62. Ra5 Ke6 63. f4 Rd3 64. Kf3 d4 65. Ra6+ 1-0

[Event "Early-Titled-Tuesday-Blitz-October-24-2023"]
[Site "Chess.com"]
[Date "2023.10.24"]
[Round "3"]
[White "AlexPapasimakopoulos"]
[Black "Magila31"]
[Result "1/2-1/2"]
[WhiteElo "2669"]
[BlackElo "2377"]
[TimeControl "180+1"]
[EndTime "8:28:33 PDT"]
[Termination "Game drawn - insufficient material"]

1. Nf3 g6 2. e4 Bg7 3. d4 d6 4. h3 a6 5. Bd3 Nd7 6. O-O b5 7. a4 Bb7 8. Re1 b4 9. c4 bxc3 10.
Nxc3 e6 11. Bg5 Ne7 12. Qd2 h6 13. Be3 g5 14. b4 O-O 15. Ne2 f5 16. Qa2 d5 17. e5 a5 18. b5 c6 19. Rab1 cxb5 20. axb5 Nb6 21. Bc1 Nc4 22. Nd2 Rc8 23. Nxc4 dxc4 24.
Bxc4 Nd5 25. Ba3 Rf7 26. Bc5 g4 27. hxg4 Qg5 28. Ng3 Qxg4 29. Qe2 Qg5 30. Qh5 Bf8 31. Bxf8 Rxc4 32. Qxh6 Qxh6 33. Bxh6 Rxd4 34. Red1 Rxd1+ 35. Rxd1 Rc7 36. Ra1 Kh7 37. Bd2 Rc2 38. Bxa5 Nf4 39. f3 Rxg2+ 40. Kf1 Rxg3 41. Bd2 Rxf3+ 42. Ke1 Ng2+ 43.
Ke2 Nf4+ 44. Bxf4 Rxf4 45. Ra7 Re4+ 46. Kd3 Rxe5 47. Rxb7+ Kg6 48. Kc4 f4 49. Rd7 Re1 50. b6 e5 51. b7 Rb1 52. Kd5 Kf5 53. Rf7+ Kg4 54. Kxe5 f3 55. Ke4 Rb4+ 56. Ke3 Rb3+ 57. Kd4 Rb4+ 58. Kc5 Rb1 59. Rg7+ Kf4 60. Kc6 f2 61.
Rf7+ Kg3 62. Kc7 Kg2 63. Rg7+ Kf3 64. Kc8 Rxb7 65. Rxb7 f1=Q 66. Rf7+ Ke2 67. Rxf1 Kxf1 1/2-1/2

[Event "Early-Titled-Tuesday-Blitz-October-24-2023"]
[Site "Chess.com"]
[Date "2023.10.24"]
[Round "3"]
[White "Drags95"]
[Black "Kleyton_Lima"]
[Result "1/2-1/2"]
[WhiteElo "2814"]
[BlackElo "2507"]
[TimeControl "180+1"]
[EndTime "8:28:33 PDT"]
[Termination "Game drawn by stalemate"]

1. d4 Nf6 2. c4 g6 3. Nc3 d5 4. cxd5 Nxd5 5. e4 Nxc3 6. bxc3 Bg7 7. Bc4 c5 8. Ne2 Nc6 9. Be3 O-O 10. O-O Bg4 11. f3 Bd7 12. Rb1 Qc7 13. d5 Ne5 14. Bb5 Bxb5 15. Rxb5 b6 16. Qb3 Rab8 17. Qa4 Rfd8 18.
c4 a6 19. Rbb1 b5 20. cxb5 axb5 21. Rxb5 Rxb5 22. Qxb5 Rb8 23. Qxc5 Qxc5 24. Bxc5 Rb2 25. Ng3 Rxa2 26. Bxe7 Nd3 27. h4 Be5 28. d6 Bxg3 29.
d7 Bc7 30. Rd1 Nf4 31. d8=Q+ Bxd8 32. Rxd8+ Kg7 33. g4 Nh3+ 34. Kh1 Nf2+ 35. Kg1 Nh3+ 36. Kf1 Rf2+ 37. Ke1 f6 38. Rd3 Kf7 39. Bc5 Ra2 40. Rd7+ Kg8 41. Be3 g5 42. h5 Ra3 43. Ke2 h6 44.
Rb7 Ra2+ 45. Kd3 Nf4+ 46. Bxf4 gxf4 47. Kd4 Ra3 48. Kd5 Rxf3 49. Ke6 Rg3 50. Kxf6 Rxg4 51. e5 f3 52. Rb1 f2 53. Rf1 Rf4+ 54. Kg6 Kf8 55.
Kxh6 Ke7 56. Kg5 Rf8 57. Kg6 Ke6 58. Kg7 Rf3 59. h6 Kxe5 60. h7 Rg3+ 61. Kf7 Rf3+ 62.
Kg8 Rg3+ 63. Kh8 Rg2 64. Rh1 Kf4 65. Rf1 Kf3 66. Rxf2+ Kxf2 1/2-1/2

[Event "Early-Titled-Tuesday-Blitz-October-24-2023"]
[Site "Chess.com"]
[Date "2023.10.24"]
[Round "3"]
[White "ozates"]
[Black "LiemLe"]
[Result "1/2-1/2"]
[WhiteElo "2731"]
[BlackElo "2977"]
[TimeControl "180+1"]
[EndTime "8:28:35 PDT"]
[Termination "Game drawn by repetition"]

1. e4 c6 2. Nf3 d5 3. d3 dxe4 4. dxe4 Qxd1+ 5. Kxd1 Nf6 6. Nfd2 h5 7. a4 g5 8. a5 g4 9. Nc3 Bh6 10. Bc4 Nbd7 11.
h3 Ne5 12. Bf1 gxh3 13. g3 h4 14. Bxh3 hxg3 15. Bxc8 Rxc8 16. fxg3 Nfg4 17. Ke2 Rg8 18. Nf3 Bxc1 19. Raxc1 Nxf3 20. Kxf3 Ne5+ 21. Kf2 f6 22. b4 Kf7 23. Rh7+ Rg7 24. Rxg7+ Kxg7 25. Rd1 Rh8 26. Kg2 Kf7 27. Ne2 b6 28. a6 e6 29.
Nf4 Ke7 30. c4 Rh6 31. c5 bxc5 32. bxc5 Nd7 33. Rd6 e5 34. Re6+ Kf7 35. Rxc6 exf4 36. Rc7 f3+ 37. Kxf3 Ke6 38. c6 Ne5+ 39. Kg2 Rh8 40.
Rxa7 Nxc6 41. Rc7 Kd6 42. Rf7 Ke6 43. Rc7 Ne5 44. a7 Ra8 45. Kf2 Kd6 46. Rb7 Nc6 47.
Ke3 Nxa7 48. Kf4 Nc6 49. g4 Ra5 50. Rh7 Ne5 51. Rh6 Ke6 52. g5 Nd3+ 53. Ke3 Rxg5 54. Kxd3 Ke5 55. Rh3 Rg4 56. Rh5+ Ke6 57. Rf5 Rg3+ 58.
Kd4 Ra3 59. Kc4 Ra1 60. Kd4 Rd1+ 61. Ke3 Re1+ 62. Kd4 Rd1+ 63. Ke3 Ra1 64. Kd4 Ra3 65. Kc4 Ra4+ 66. Kd3 Ra6 67. Kd4 Rd6+ 68. Ke3 Rc6 69. Kd4 Rc7 70. Ke3 Ra7 71. Kd4 Ra3 1/2-1/2

[Event "Early-Titled-Tuesday-Blitz-October-24-2023"]
[Site "Chess.com"]
[Date "2023.10.24"]
[Round "3"]
[White "RamyresCoelho"]
[Black "Mikhail_Golubev"]
[Result "1-0"]
[WhiteElo "2306"]
[BlackElo "2520"]
[TimeControl "180+1"]
[EndTime "8:28:36 PDT"]
[Termination "RamyresCoelho won on time"]

1. e4 c5 2. Nf3 d6 3. d4 cxd4 4.
Nxd4 Nf6 5. Nc3 g6 6. f4 Nc6 7.
Nxc6 bxc6 8. e5 Nd7 9. exd6 exd6 10. Qd4 Nf6 11. Be3 Be7 12. O-O-O O-O 13. Ne4 Nxe4 14.
Qxe4 Bf5 15. Qa4 Bf6 16. Bd3 Re8 17. Bd4 c5 18. Bxf6 Qxf6 19. Bxf5 Qxf5 20. Rxd6 Re4 21. Qc6 Qxf4+ 22. Kb1 Rb8 23. Rhd1 Qe5 24. b3 c4 25.
R6d5 Qe7 26. Qd6 Qe8 27. R5d4 cxb3 28. axb3 Rxd4 29. Qxd4 a5 30. Kb2 Ra8 31. Qa4 Qxa4 32. bxa4 Rb8+ 33. Ka2 Rc8 34. Kb3 Rc5 35. Rd8+ Kg7 36.
c4 Re5 37. Ra8 Re3+ 38. Kb2 Re2+ 39. Kc3 Kf6 40. Rxa5 Rxg2 41. Rb5 Ke6 42. a5 Rxh2 43. a6 Ra2 44. Kb4 f5 45. Ra5 Rb2+ 46. Kc5 Rb8 47. a7 Ra8 48. Kb6 f4 49. Kb7 Rf8 50. a8=Q Rxa8 51. Kxa8 f3 52. Ra2 g5 53. Kb7 g4 54. c5 g3 55. c6 f2 56. c7 f1=Q 57.
c8=Q+ Kf7 58. Qd7+ Kg6 59. Qe8+ Kg5 60. Qe7+ Kg4 61.
Qe6+ 1-0

[Event "Early-Titled-Tuesday-Blitz-October-24-2023"]
[Site "Chess.com"]
[Date "2023.10.24"]
[Round "3"]
[White "angryspacevoid"]
[Black "dianamirza"]
[Result "1-0"]
[WhiteElo "2517"]
[BlackElo "2023"]
[TimeControl "180+1"]
[EndTime "8:28:36 PDT"]
[Termination "angryspacevoid won by resignation"]

1. e4 c5 2. c3 Nf6 3. e5 Nd5 4. d4 cxd4 5. Nf3 e6 6. Bc4 Nb6 7.
Bb3 dxc3 8. Nxc3 Nc6 9. Bf4 Bb4 10. Rc1 O-O 11. Bc2 f5 12. O-O Be7 13. Bb3 g5 14. Be3 g4 15. Nd4 Nxe5 16. Re1 Ng6 17.
Bh6 Rf7 18. Ncb5 Bg5 19. Bxg5 Qxg5 20. Nd6 Rf8 21. Nxc8 Raxc8 22. Nxe6 dxe6 23. Bxe6+ Kh8 24. Bxc8 Nxc8 25. Qd4+ Kg8 26. Qd5+ Kh8 27. Rc7 Nce7 28. Qxb7 Qd2 29. Rcxe7 Nxe7 30. Qxe7 Kg8 31. h3 Qxb2 32.
Qh4 Qd2 33. Re7 Rf7 34. Rxf7 Kxf7 35. Qxh7+ Ke6 36. hxg4 fxg4 37. Qe4+ Kf6 38. Qxg4 Qe1+ 39.
Kh2 Qe5+ 40. g3 Qe1 41. Qf4+ Kg6 42. Kg2 Qa5 43. Qd6+ Kg7 44. Qe7+ Kg6 45. Qe6+ Kg7 46. Kh2 Qh5+ 47. Kg2 Qd1 48. Qe7+ Kg6 49. Qxa7 Qd5+ 50.
Kh2 Qh5+ 51. Kg1 Qd1+ 52. Kg2 Qd5+ 53. f3 Qd2+ 54. Qf2 Qd5 55. g4 Qe5 56. f4 Qd5+ 57. Kg3 Qd3+ 58. Qf3 Qd2 59. Qe4+ Kg7 60. Qe5+ Kg8 61.
Qg5+ Kf8 62. Qf6+ Ke8 63. Qe6+ Kf8 64. g5 Qd3+ 65. Kg4 Qd8 66. Qf6+ Qxf6 67. gxf6 Kf7 68. Kf5 1-0

[Event "Early-Titled-Tuesday-Blitz-October-24-2023"]
[Site "Chess.com"]
[Date "2023.10.24"]
[Round "3"]
[White "Fraler15"]
[Black "ama18"]
[Result "0-1"]
[WhiteElo "2262"]
[BlackElo "2530"]
[TimeControl "180+1"]
[EndTime "8:28:37 PDT"]
[Termination "ama18 won by checkmate"]

1. e4 c5 2. Nf3 d6 3. Bb5+ Bd7 4. Bxd7+ Qxd7 5. O-O Nc6 6. c3 Nf6 7. Re1 g6 8. d4 Bg7 9. a4 O-O 10. Na3 cxd4 11. cxd4 d5 12. e5 Ne4 13. Be3 f6 14. exf6 exf6 15. Nb5 f5 16. Bf4 Rae8 17. h3 h6 18. Qb3 g5 19. Bh2 g4 20. Ne5 Nxe5 21.
Bxe5 Bxe5 22. dxe5 Rxe5 23. f3 gxf3 24. Qxf3 Ng5 25.
Qc3 Re4 26. Rxe4 fxe4 27. Rf1 Rxf1+ 28. Kxf1 a6 29. Nd4 Kh7 30. Kg1 Kg6 31. Qg3 Kh7 32.
h4 Nf7 33. Qf4 Nd6 34. Qe5 Nc4 35. Qf6 Qg7 36. Qf5+ Qg6 37. Qd7+ Qg7 38. Qf5+ Kg8 39. Qxd5+ Qf7 40. Qxe4 Nd6 41. Qg4+ Kf8 42. Ne6+ Ke7 43. Nf4 Nf5 44. Ng6+ Kf6 45. Nf4 Qd7 46. Nh5+ Ke7 47.
Qe4+ Kd8 48. Nf4 Ng3 49. Qf3 Qd4+ 50. Kh2 Qe5 51. Qxg3 Kc8 52. Qg4+ Kb8 53. g3 Ka7 54. Kh3 Qxb2 55. Qf3 Qb4 56. Qe3+ Ka8 57. Qe8+ Ka7 58. Ne6 Qe4 59. Qf7 h5 60. Qf2+ Ka8 61. Nc7+ Kb8 62. Qf4 Qh1# 0-1

[Event "Early-Titled-Tuesday-Blitz-October-24-2023"]
[Site "Chess.com"]
[Date "2023.10.24"]
[Round "3"]
[White "SashaKuzhilniy"]
[Black "GMSrinath"]
[Result "1/2-1/2"]
[WhiteElo "2648"]
[BlackElo "2833"]
[TimeControl "180+1"]
[EndTime "8:28:38 PDT"]
[Termination "Game drawn by agreement"]

1. b3 e5 2. Bb2 Nc6 3. e3 Nf6 4. Bb5 Bd6 5. Ne2 O-O 6. O-O Re8 7. d3 Ne7 8. d4 e4 9. Ng3 c6 10. Be2 Bc7 11. d5 Nexd5 12. c4 Nb6 13. c5 Nbd5 14. Nf5 d6 15. Nxd6 Bxd6 16. cxd6 Qxd6 17.
Nd2 Bf5 18. Nc4 Qe7 19. Qe1 Rad8 20. Rd1 b6 21. Ne5 Qe6 22. Rd2 Ng4 23. Nxg4 Bxg4 24. Bc4 Qg6 25. Kh1 h5 26. Bxd5 Rxd5 27. Rxd5 cxd5 28.
Qd2 Be6 29. Rc1 h4 30. h3 Qh5 31. Qd4 f6 32. Rc7 Rf8 33. Qd2 Rf7 34. Rxf7 Kxf7 35.
Qc2 Kg8 36. Bd4 Qf7 37. Qc6 g5 38. Qd6 Kg7 39. a4 Kg6 40. b4 g4 41. hxg4 Bxg4 42. Qf4 f5 43. Qe5 h3 44. g3 h2 45. Kxh2 Kh5 46.
Qh8+ Kg6 47. Qd8 Bf3 48. Kg1 Qe6 49. a5 bxa5 50. bxa5 a6 51. Qb6 Kf7 52. Qxe6+ Kxe6 53. Kh2 Bg4 54. Kg2 Kd6 55. Kf1 Kc6 56. Bb6 Kb5 57. Ke1 Kc4 58. Kd2 Bf3 59. Bd8 Kb4 60. Bb6 Kb3 61.
Bd8 Ka4 62. Bb6 Kb5 63. Bd8 Kc6 64. Bb6 Kd7 65. Kc3 Kc6 66. Kd4 Bg4 1/2-1/2

[Event "Early-Titled-Tuesday-Blitz-October-24-2023"]
[Site "Chess.com"]
[Date "2023.10.24"]
[Round "3"]
[White "Actuary44"]
[Black "AvitalBor"]
[Result "0-1"]
[WhiteElo "2500"]
[BlackElo "2842"]
[TimeControl "180+1"]
[EndTime "8:28:39 PDT"]
[Termination "AvitalBor won by resignation"]

1. e4 e5 2. Nf3 Nc6 3. Bb5 a6 4. Ba4 Nf6 5. d3 b5 6. Bb3 Be7 7. a4 Bb7 8. axb5 axb5 9. Rxa8 Qxa8 10. O-O O-O 11. Nc3 Nd4 12. Nxd4 exd4 13. Ne2 c5 14.
Bg5 Qa6 15. Ng3 c4 16. Nf5 Bd8 17. e5 Qc6 18. f3 Nd5 19. dxc4 bxc4 20. Bxd8 Rxd8 21.
Qxd4 cxb3 22. c4 Qb6 23. cxd5 Qxd4+ 24. Nxd4 Bxd5 25. Rc1 g6 26. Rc5 Be6 27. Rb5 Bc4 28.
Rb4 Rc8 29. Kf2 Bd5 30. Ke3 Kg7 31. Kd3 Rc1 32. Nxb3 Rg1 33. Nc5 Rxg2 34. Nxd7 Rxh2 35. Ke3 Rh3 36. Rf4 g5 37. Rf5 h6 38. Nf6 Be6 39.
Ne8+ Kf8 40. Nd6 Bxf5 41. Nxf5 g4 42. Nd4 g3 43. b4 Rh1 44. Ne2 g2 45. Kf2 Rb1 46.
Kxg2 Rxb4 47. Kg3 Kg7 48. Nf4 Rb5 49. Nd3 Rd5 50. Nf4 Rxe5 51. Kg4 Rg5+ 52. Kh4 Kf6 53. Nh5+ Kf5 54. Ng3+ Kf4 55. Ne4 Rg6 56. Kh5 Kxf3 57. Nd2+ Kf4 58. Nc4 Ke4 59. Nd2+ Ke5 60. Nf3+ Kf4 61.
Nh4 Rg1 62. Kxh6 Rh1 63. Kh5 f5 64. Kg6 Rxh4 0-1

[Event "Early-Titled-Tuesday-Blitz-October-24-2023"]
[Site "Chess.com"]
[Date "2023.10.24"]
[Round "3"]
[White "DefiantChair"]
[Black "Nyzhnyk_Illia"]
[Result "0-1"]
[WhiteElo "2647"]
[BlackElo "2852"]
[TimeControl "180+1"]
[EndTime "8:28:41 PDT"]
[Termination "Nyzhnyk_Illia won by resignation"]

1. e4 c6 2. d4 d5 3. e5 Bf5 4.
Nf3 e6 5. Be2 Ne7 6. Nbd2 Nd7 7.
O-O c5 8. c4 dxc4 9. Nxc4 Nd5 10. Bg5 Qc7 11. Rc1 h6 12. Be3 Qd8 13. Nd6+ Bxd6 14.
exd6 cxd4 15. Bxd4 O-O 16. Qb3 N7b6 17. a4 Nc8 18.
Qxb7 Nxd6 19. Qb3 Qe7 20. Bc5 Rfd8 21. Nd4 Qb7 22. Qf3 Be4 23. Qa3 Nf5 24. Nxf5 Bxf5 25. Bf3 a5 26. Rfd1 Rab8 27. Bd4 Qb4 28. Qa1 Rbc8 29.
Be5 Rxc1 30. Rxc1 Nf4 31. Rd1 Rxd1+ 32. Qxd1 Nd3 33. Bc3 Qc5 34. Qd2 Qc4 35. h3 Qxa4 36.
Be2 Nf4 37. Bf1 Nd5 38. Bxa5 Qa1 39. Bc3 Qb1 40. g4 Be4 41. f4 Nxc3 42. bxc3 Bd5 43. Kf2 Qe4 44. Qe3 Qh1 45. c4 Qh2+ 46. Ke1 Bc6 47.
Qf2 Qh1 48. Qe3 Bb7 49. Kf2 Qh2+ 50. Ke1 Qc2 51. Qd3 Qc1+ 52. Ke2 Qxf4 53. Qd8+ Kh7 54.
Qd3+ Be4 55. Qe3 Qh2+ 56. Qf2 Bd3+ 57. Ke3 Qxf2+ 58. Kxf2 Bxf1 59. Kxf1 Kg8 60. c5 Kf8 61. Kf2 Ke7 62. Ke3 Kd7 63. Kd4 f6 64. h4 g6 65.
Ke4 Kc6 66. Kd4 e5+ 67. Kc4 h5 68. g5 f5 69. Kb4 f4 70. Kc4 f3 71. Kd3 Kxc5 72. Ke3 e4 0-1

[Event "Early-Titled-Tuesday-Blitz-October-24-2023"]
[Site "Chess.com"]
[Date "2023.10.24"]
[Round "3"]
[White "Estrategia_vs_Tactica"]
[Black "Legendinunknown"]
[Result "0-1"]
[WhiteElo "2275"]
[BlackElo "2796"]
[TimeControl "180+1"]
[EndTime "8:28:41 PDT"]
[Termination "Legendinunknown won on time"]

1. d4 Nf6 2. c4 e6 3. Nf3 d5 4. g3 Bb4+ 5. Bd2 Be7 6. Bg2 O-O 7. O-O c6 8. Nc3 dxc4 9. Bf4 b5 10. Ne5 Nd5 11. a4 b4 12. Ne4 Ba6 13. Rc1 c3 14. bxc3 f5 15. Nc5 Bxc5 16. Bxd5 exd5 17. dxc5 bxc3 18.
Rxc3 Qf6 19. h4 Re8 20. Re3 Bc8 21. Qd4 h6 22. Nf3 Qf7 23. Rxe8+ Qxe8 24. Rb1 Nd7 25. Ne5 Nf6 26. f3 Ba6 27. Kf2 Qe6 28. Nd3 Re8 29.
Re1 Nh5 30. Be5 Kh7 31. f4 Qf7 32. Rg1 Bc4 33. Nb4 Re6 34. Nc2 Nf6 35. Ke1 Ne4 36. Ne3 Ba6 37. g4 fxg4 38. f5 Re7 39. Rxg4 Qh5 40.
Rxg7+ Rxg7 41. Bxg7 Qxh4+ 42. Kd1 Qh1+ 43. Kc2 Qe1 44.
Qd1 Qxe2+ 45. Qxe2 Bxe2 46. Be5 Nxc5 47. Bd4 Ne4 48. Bxa7 h5 49. Bb8 h4 50. a5 Kh6 51.
Ng2 Kg5 52. Bc7 h3 53. Ne3 d4 54. Nc4 Kxf5 55. Nd2 Nxd2 56. Kxd2 Ba6 57. Kd1 Ke4 58.
Kd2 c5 59. Kc2 c4 60. Kd2 c3+ 61. Kc1 Kd5 62. Bg3 Kc4 63. Be5 d3 0-1

[Event "Early-Titled-Tuesday-Blitz-October-24-2023"]
[Site "Chess.com"]
[Date "2023.10.24"]
[Round "3"]
[White "Verony64"]
[Black "Fuzesabonyilaci"]
[Result "1/2-1/2"]
[WhiteElo "2190"]
[BlackElo "2386"]
[TimeControl "180+1"]
[EndTime "8:28:45 PDT"]
[Termination "Game drawn - insufficient material"]

1. e4 e6 2. Nc3 d5 3. d3 Nf6 4. e5 Nfd7 5. f4 d4 6. Nce2 c5 7. Nf3 Nc6 8. g3 b6 9. Bg2 Bb7 10. O-O Qc7 11. g4 f6 12. exf6 gxf6 13.
Ng3 Rg8 14. Qe2 e5 15. Nh4 O-O-O 16. f5 b5 17. Bd2 Nb6 18. Be4 c4 19. Qf3 Bb4 20.
Rad1 c3 21. bxc3 dxc3 22. Be3 Na4 23. Nh5 Rd6 24. Kf2 Bc5 25. Rg1 Bxe3+ 26. Qxe3 Nd4 27. Rc1 Nc5 28. Nf3 Nxe4+ 29. dxe4 Nxf3 30. Kxf3 Rgd8 31. Rg2 Qc6 32. Re2 Rd4 33. Ng3 Qc4 34. Rce1 Qxa2 35. Qxc3+ Rc4 36. Qe3 Qa5 37. Qh6 Qc7 38. Qxf6 a5 39.
Qe6+ Kb8 40. f6 a4 41. f7 Rf8 42.
Nf5 Rxf7 43. Qe8+ Ka7 44. Qxb5 h5 45. h3 hxg4+ 46. hxg4 Rh7 47. Ra1 Ba6 48. Rxa4 Rxa4 49.
Qxa4 Qc3+ 50. Re3 Qc5 51. Qb3 Rh3+ 52. Kg2 Rxe3 53. Qxe3 Kb6 54. Qxc5+ Kxc5 55. Kg3 Bb7 56. Kh4 Bxe4 57. Kg5 Bxc2 58. Kf6 Bxf5 59. g5 e4 60. Kxf5 e3 61. g6 e2 62. g7 e1=Q 63. g8=Q Qf2+ 64. Ke5 Qe3+ 65. Kf6 Qd4+ 66. Kf7 Qd5+ 67. Kg7 Qg5+ 68. Kf7 Qf5+ 69. Kg7 Kd6 70. Qf8+ Qxf8+ 71. Kxf8 1/2-1/2

[Event "Early-Titled-Tuesday-Blitz-October-24-2023"]
[Site "Chess.com"]
[Date "2023.10.24"]
[Round "3"]
[White "Let_it_be_1"]
[Black "giomar27"]
[Result "0-1"]
[WhiteElo "2585"]
[BlackElo "2373"]
[TimeControl "180+1"]
[EndTime "8:28:49 PDT"]
[Termination "giomar27 won by resignation"]

1. e4 e5 2. Nf3 d5 3. exd5 e4 4. Qe2 Nf6 5. d3 Bb4+ 6. c3 O-O 7. cxb4 exf3 8. Qxf3 Re8+ 9. Be2 Bg4 10. Qg3 Rxe2+ 11. Kf1 Re8 12. Bg5 Be2+ 13. Kg1 Bh5 14. Nc3 Nbd7 15. h3 Bg6 16. Kh2 h6 17. Be3 Nb6 18.
Rhe1 Nbxd5 19. Bd2 Qd6 20. Qxd6 cxd6 21. Nb5 Rxe1 22.
Rxe1 Rd8 23. Nxa7 Bxd3 24. a4 Ra8 25. Nb5 Bxb5 26. axb5 Re8 27. Rc1 Re2 28. Rc8+ Kh7 29. Bc3 Rc2 30. Rb8 Nxc3 31. bxc3 Rxc3 32. Rxb7 Rb3 33. Rxf7 Rxb4 34. Rb7 d5 35. Rb8 d4 36.
f3 d3 37. Rd8 Rb3 38. b6 Rxb6 39. Rxd3 Rb2 40. h4 Nh5 41. Rd4 g5 42. hxg5 hxg5 43. Rg4 Kg6 44. Kg1 Nf4 45. Kh1 Kf5 46. Rg3 Rb1+ 47. Kh2 Rb2 48. Kh1 Ra2 49. Kh2 Nd3 50. Rg4 Nf4 51. Kh1 Ra1+ 52. Kh2 Nd3 53. Kg3 Nf4 54.
Kh2 Rd1 55. Rg3 Rd8 56. Rg4 Rh8+ 57. Kg1 Rg8 58. Kf2 Rd8 59. Kg3 Rd2 60. Kh2 Ne6 61.
Kh1 Nd4 62. Kh2 Nxf3+ 63. Kg3 Ne5 64. Rd4 Rd3+ 65. Rxd3 Nxd3 66. Kf3 Ne5+ 67. Kg3 Ng6 68. Kf3 Nf4 69. g3 Ng6 70. Kf2 Kg4 71. Kg2 Ne7 72. Kf2 Nf5 73. Kg2 Nxg3 0-1

[Event "Early-Titled-Tuesday-Blitz-October-24-2023"]
[Site "Chess.com"]
[Date "2023.10.24"]
[Round "3"]
[White "JoliyRoger"]
[Black "twofoxniel"]
[Result "1-0"]
[WhiteElo "2451"]
[BlackElo "2592"]
[TimeControl "180+1"]
[EndTime "8:28:54 PDT"]
[Termination "JoliyRoger won by checkmate"]

1. Nf3 d5 2. c4 c6 3. e3 Nf6 4. b3 Bf5 5. Bb2 e6 6. Nh4 Bg4 7. Qc2 Nbd7 8. Nf3 a5 9. h3 Bh5 10. Be2 Be7 11. O-O O-O 12. d3 Re8 13. Nbd2 a4 14. Rfe1 Qb6 15. Bd4 Bc5 16. Bc3 Bb4 17.
Rab1 a3 18. d4 Rac8 19. c5 Qa5 20. Bxb4 Qxb4 21. Rbc1 e5 22. dxe5 Nxe5 23. Nxe5 Rxe5 24. Bxh5 Rxh5 25. Qc3 Qb5 26. b4 Ra8 27. Rb1 Rh4 28. Rb3 Ra4 29. Reb1 h6 30. g3 Rxh3 31. Kg2 Rh5 32.
Rxa3 Rxa3 33. Qxa3 Qe2 34. Nf1 Ng4 35. Qb2 Qd3 36.
Re1 Qf5 37. Qe2 Ne5 38. f3 Qh3+ 39. Kf2 Rf5 40. f4 Ng4+ 41. Kg1 Rh5 42. Qg2 Qxg2+ 43. Kxg2 Nf6 44. Kf3 Rh1 45. Kg2 Rh5 46. Nd2 Ng4 47.
Nf1 Kf8 48. a4 Ke7 49. Kf3 f5 50. b5 g5 51. b6 Kd7 52. a5 Rh1 53. Kg2 Rh5 54. Rb1 Nf6 55. a6 bxa6 56. b7 gxf4 57.
b8=Q f3+ 58. Kxf3 Ne4 59. Rb7+ Ke6 60. Qe8+ Kf6 61. Qxh5 Ng5+ 62. Kg2 Ke5 63. Qxh6 Ne4 64. Qf4+ Ke6 65. Qh6+ Ke5 66. Qg7+ Ke6 67. Re7# 1-0

[Event "Early-Titled-Tuesday-Blitz-October-24-2023"]
[Site "Chess.com"]
[Date "2023.10.24"]
[Round "3"]
[White "kikoveiga"]
[Black "FlemingA"]
[Result "0-1"]
[WhiteElo "2587"]
[BlackElo "2445"]
[TimeControl "180+1"]
[EndTime "8:28:56 PDT"]
[Termination "FlemingA won by resignation"]

1. c4 g6 2. Nc3 Bg7 3. g3 c5 4. Bg2 Nc6 5. e4 e6 6. Nge2 Nge7 7. O-O O-O 8. d3 a6 9. Be3 Nd4 10. a3 Nec6 11. Rb1 Nxe2+ 12. Nxe2 Nd4 13. b4 d6 14. f4 f5 15. e5 dxe5 16. bxc5 exf4 17. Nxf4 Qc7 18. Rb6 Qxc5 19. Qb1 Ne2+ 20. Kf2 Bd4 21. Bxd4 Nxd4 22. Qb4 Qe5 23. Re1 Qf6 24. Nd5 Qg5 25.
Ne7+ Kf7 26. Nxc8 Raxc8 27. Rxb7+ Kg8 28. h4 Qf6 29. Qe7 Qxe7 30. Rxe7 Rb8 31. Bb7 Rf7 32. Rxf7 Kxf7 33. Bxa6 Rb2+ 34. Kf1 Ra2 35. c5 Rxa3 36. Bc4 Kf6 37. Rb1 Ra5 38. Rb7 Rxc5 39. Rxh7 Ra5 40. Rd7 Ke5 41. Rg7 Kf6 42. Rd7 Ra1+ 43.
Kf2 Ke5 44. Rg7 Kf6 45. Rd7 Ke5 46. Ke3 Nc2+ 47. Kd2 Nd4 48. Kc3 Rc1+ 49. Kb4 Rg1 50. Kc5 Nf3 51. d4+ Ke4 52. Bxe6 Rc1+ 53. Kd6 Nxd4 54. Ke7 Rg1 55. Bd5+ Ke5 56. Kf7 Rxg3 57. Bb7 f4 58. Rd5+ Ke4 59. Rg5+ Ke3 60. Rxg3+ fxg3 61. Kxg6 Nf3 62. h5 g2 63. Bxf3 Kxf3 64. h6 g1=Q+ 65.
Kh7 Kf4 66. Kh8 Qa7 67. h7 Qb8+ 68. Kg7 Qc7+ 69. Kh8 Qd8+ 70. Kg7 Qe7+ 71. Kg8 Qg5+ 72. Kf7 Qh6 73. Kg8 Qg6+ 74. Kh8 Qe8+ 75. Kg7 Kg5 76. h8=Q Qe7+ 77. Kg8 Kg6 0-1

[Event "Early-Titled-Tuesday-Blitz-October-24-2023"]
[Site "Chess.com"]
[Date "2023.10.24"]
[Round "3"]
[White "MikeSailer"]
[Black "AlexandraSamaganova"]
[Result "0-1"]
[WhiteElo "2038"]
[BlackElo "2337"]
[TimeControl "180+1"]
[EndTime "8:28:56 PDT"]
[Termination "AlexandraSamaganova won on time"]

1. d4 Nf6 2. Bg5 e6 3. Nd2 c5 4. e3 Nc6 5. c3 d5 6. Bd3 h6 7. Bh4 Be7 8. f4 Rb8 9. Ngf3 b5 10. O-O b4 11. Ne5 Bd7 12. f5 exf5 13. Nxc6 Bxc6 14.
Rxf5 bxc3 15. bxc3 O-O 16. Nf3 Ne4 17. Bxe4 dxe4 18. Ne5 Bb5 19. Bxe7 Qxe7 20. c4 Be8 21. Qg4 cxd4 22. exd4 Rb6 23. c5 Re6 24. Raf1 Qd8 25. R5f2 f6 26. Ng6 Bxg6 27. Qxg6 Qxd4 28. Kh1 e3 29.
Re2 Qc4 30. Rfe1 Qxc5 31. h3 Rfe8 32. Qg3 Qg5 33. Qf3 f5 34. Qb7 f4 35. Qxa7 Qg3 36. Qb7 Re4 37. Qd5+ Kh8 38. Qf5 R4e5 39. Qf7 R5e7 40.
Qf5 Qg5 41. Qxg5 hxg5 42. Kg1 Rd7 43. Kh2 Red8 44. g3 Rd2 45. Rxd2 Rxd2+ 46. Kg1 Rxa2 47. gxf4 gxf4 48. Rf1 Ra4 49. Kg2 g5 50. Kf3 Kh7 51.
Kg4 Kg6 52. h4 gxh4 53. Kxh4 Kf5 54. Kh3 Ke4 55. Kg2 Ra2+ 56. Kg1 f3 57. Rb1 Ra4 58.
Kh1 e2 59. Kg1 Ke3 60. Rb3+ Kd2 61. Rb2+ Kc1 62. Kf2 Kxb2 0-1

[Event "Early-Titled-Tuesday-Blitz-October-24-2023"]
[Site "Chess.com"]
[Date "2023.10.24"]
[Round "3"]
[White "MatyChess1"]
[Black "wonderfultime"]
[Result "0-1"]
[WhiteElo "2746"]
[BlackElo "3002"]
[TimeControl "180+1"]
[EndTime "8:28:57 PDT"]
[Termination "wonderfultime won on time"]

1. d4 d5 2. Bf4 Nf6 3. e3 c5 4. Nf3 Qb6 5. Nc3 Bd7 6. Rb1 e6 7. Be2 Bd6 8. dxc5 Qxc5 9. Bxd6 Qxd6 10. e4 Nc6 11. O-O O-O 12. exd5 exd5 13. Nb5 Qc5 14.
Nbd4 Rfe8 15. c3 Re7 16. Bd3 Rae8 17. Qc2 g6 18. h3 Kg7 19. Nb3 Qb6 20. Rfe1 Ne4 21.
Rbd1 Bf5 22. Nfd4 Bc8 23. Re2 Nxd4 24. Nxd4 Nc5 25. Rde1 Rxe2 26. Rxe2 Rxe2 27. Bxe2 Bd7 28. Bf3 Bc6 29. Qe2 Qc7 30. Qe3 Qd6 31. Qg5 Kf8 32.
Qh6+ Kg8 33. Qg5 Na4 34. Nf5 Qe6 35. Qd8+ Qe8 36. Qxe8+ Bxe8 37. Ne7+ Kf8 38. Nxd5 Nxb2 39. Nf6 Bc6 40. Bxc6 bxc6 41. Nxh7+ Ke7 42. Ng5 f5 43. Nf3 c5 44. Ne5 Kf6 45. f4 Na4 46. Kf1 Nxc3 47.
Nd7+ Ke7 48. Nxc5 Nxa2 49. Ke2 Nc3+ 50. Kd3 Nd5 51. g3 Nf6 52. Ke3 a5 53. Kf3 Nd7 54.
Nb3 a4 55. Nd4 a3 56. Nc2 a2 57. g4 Kd6 58. gxf5 gxf5 59. Na1 Kd5 60. Ke3 Kc4 61.
Kd2 Nc5 62. Kc2 Nd3 63. h4 Nxf4 64. Kb2 Nd3+ 65. Kxa2 f4 66. Nc2 f3 67. h5 f2 0-1

[Event "Early-Titled-Tuesday-Blitz-October-24-2023"]
[Site "Chess.com"]
[Date "2023.10.24"]
[Round "3"]
[White "Lennis93"]
[Black "Truequitos"]
[Result "1-0"]
[WhiteElo "2745"]
[BlackElo "2480"]
[TimeControl "180+1"]
[EndTime "8:29:01 PDT"]
[Termination "Lennis93 won on time"]

1. Nf3 d5 2. c4 c6 3. e3 Nf6 4. Nc3 g6 5. d4 Bg7 6. Be2 a6 7.
O-O b5 8. b3 O-O 9. Bb2 Bf5 10.
Ne5 Nfd7 11. g4 Be6 12. Nxc6 Nxc6 13. cxd5 Bxd5 14. Nxd5 e5 15. Rc1 Rc8 16. Ba3 Re8 17. dxe5 Ndxe5 18. f4 Nd7 19. Bf3 b4 20. Rxc6 Rxc6 21.
Bxb4 Rc8 22. g5 Kh8 23. Qd2 Nf8 24. Rd1 Ne6 25. h4 Rb8 26. Kg2 Qd7 27. Bc3 Rec8 28. Bb2 Qc6 29. Bxg7+ Nxg7 30. Ne7 Qe6 31. Nxc8 Rxc8 32.
Qb2 Kg8 33. Rd3 Nf5 34. Qf2 a5 35. Kh2 a4 36. Bg4 Qe4 37. Qe2 axb3 38. axb3 Re8 39. Bxf5 Qxf5 40. Kg3 h6 41. Qd2 hxg5 42. hxg5 f6 43.
Rd8 Rxd8 44. Qxd8+ Kh7 45. Qxf6 Qd3 46. Qf7+ Kh8 47.
Qe8+ Kh7 48. Qe7+ Kh8 49. Qe5+ Kh7 50. b4 Qe2 51. Qd4 Qe1+ 52. Kf3 Qf1+ 53. Ke4 Qb1+ 54. Kd5 Qf5+ 55. Kd6 Qf8+ 56. Kd7 Qf7+ 57. Kc8 Qe8+ 58. Qd8 Qxe3 59. Qc7+ Kh8 60. Qd6 Qc3+ 61. Kb7 Qa3 62.
Qe5+ Kh7 63. b5 Qa5 64. Qc7+ 1-0